 Dungeon Crawl Stone Soup version 0.29.1-1-gd02db6906a (webtiles) character file.

Game seed: 8125795572176834432

19703 RatsInWalls the Fighter (level 12, 0/106 HPs)
             Began as a Demigod Gladiator on Oct 20, 2022.
             Slain by a death yak (11 damage)
             ... on level 2 of the Lair of Beasts.
             The game lasted 00:55:02 (21088 turns).

RatsInWalls the Fighter (Demigod Gladiator)        Turns: 21088, Time: 00:55:02

Health: 0/106      AC: 19    Str: 23    XL:     12   Next: 11%
Magic:  15/15      EV: 11    Int: 18    God:
Gold:   969        SH: 10    Dex: 15    Spells: 11/11 levels left

rFire   . . .      SeeInvis +   B - +2 scimitar (flame)
rCold   . . .      Faith    .   w - +0 kite shield
rNeg    . . .      Spirit   .   i - +3 scale mail {Will+}
rPois   .          Reflect  .   c - +0 helmet
rElec   .          Harm     .   (no cloak)
rCorr   .          Rampage  .   t - +0 pair of gloves
Will    ++...                   D - +0 pair of boots
Stlth   +.........              (no amulet)
HPRegen 0.27/turn               h - +4 ring of protection
MPRegen 0.14/turn               N - ring of see invisible

@: mighty, about to teleport
A: high MP 1, forlorn, divine attributes
a: no special abilities


You were on level 2 of the Lair of Beasts.
You visited 2 branches of the dungeon, and saw 14 of its levels.

You collected 1014 gold pieces.
You spent 45 gold pieces at shops.

Inventory:

Hand Weapons
 B - a +2 scimitar of flaming (weapon)
 J - a +1 rapier of speed
Missiles
 e - a javelin (quivered)
 f - 106 stones
 u - 28 poisoned darts
Armour
 c - a +0 helmet (worn)
 i - a +3 scale mail of willpower (worn)
 t - a +0 pair of gloves (worn)
 w - a +0 kite shield (worn)
 D - a +0 pair of boots (worn)
Jewellery
 g - a ring of positive energy
 h - a +4 ring of protection (left hand)
 y - a ring of ice
 N - a ring of see invisible (right hand)
Wands
 d - a wand of flame (9)
Scrolls
 a - a scroll of magic mapping
 k - a scroll of identify
 l - 3 scrolls of brand weapon
 p - 3 scrolls of fear
 v - 3 scrolls of teleportation
 z - 2 scrolls of immolation
 E - a scroll of poison
 H - a scroll of enchant armour
Potions
 b - a potion of attraction
 j - 5 potions of degeneration
 m - 3 potions of cancellation
 n - 3 potions of magic
 q - 2 potions of flight
 x - 2 potions of brilliance
 A - a potion of ambrosia
 G - a potion of lignification
 L - a potion of resistance
Miscellaneous
 C - a piece from Xom's chessboard (11/15)
 F - a lightning rod (inert)
 I - a tin of tremorstones (2/2)


   Skills:
 + Level 9.6 Fighting
 - Level 5.0(7.7) Short Blades
 * Level 9.2(9.8) Long Blades
 - Level 1.7 Throwing
 + Level 8.6 Armour
 - Level 5.0 Dodging
 - Level 2.0 Stealth
 + Level 6.8 Shields
 - Level 5.2 Evocations


You had 11 spell levels left.
You didn't know any spells.
Your spell library contained the following spells:

 Spells                   Type           Power      Damage    Failure   Level
 Beastly Appendage        Tmut           0%         N/A       77%         1
 Sting                    Tmut/Pois      0%         1d3       77%         1
 Ensorcelled Hibernation  Hex/Ice        0%         N/A       88%         2
 Poisonous Vapours        Pois/Air       0%         N/A       88%         2
 Scorch                   Fire           0%         2d5       88%         2
 Wereblood                Tmut           0%         N/A       88%         2
 Call Canine Familiar     Summ           0%         N/A       98%         3
 Inner Flame              Hex/Fire       0%         N/A       98%         3
 Ozocubu's Armour         Ice            0%         N/A       98%         3
 Portal Projectile        Hex/Tloc       0%         N/A       98%         3
 Spider Form              Tmut/Pois      0%         N/A       98%         3
 Anguish                  Hex/Necr       0%         N/A       100%        4
 Animate Dead             Necr           0%         N/A       100%        4
 Cause Fear               Hex            0%         N/A       100%        4
 Flame Wave               Conj/Fire      0%         2d4       100%        4
 Leda's Liquefaction      Hex/Erth       0%         N/A       100%        4
 Olgreb's Toxic Radiance  Pois           0%         N/A       100%        4
 Lee's Rapid Deconstruct  Erth           0%         3d5*      100%        5
 Metabolic Englaciation   Hex/Ice        0%         N/A       100%        5
 Simulacrum               Ice/Necr       0%         N/A       100%        6
 Statue Form              Tmut/Erth      0%         N/A       100%        6
 Summon Cactus Giant      Summ           0%         N/A       100%        6
 Haunt                    Necr/Summ      0%         N/A       100%        7
 Discord                  Hex            0%         N/A       100%        8
 Infestation              Necr           0%         N/A       100%        8
 Polar Vortex             Ice            0%         N/A       100%        9


Dungeon Overview and Level Annotations

Branches:
Dungeon (11/15)            Temple (0/1) D:5            Lair (3/5) D:11
 Shoals (0/4) Lair:2        Snake (0/4) Lair:3          Orc (0/2) D:11

Shops:
D:5 [   D:6 [

Portals:
Abyss: D:7

Annotations:
D:7 2 transporters, CertainDeath's ghost, novice GrEE
Lair:2 2 transporters, TheSexyCheese's ghost, novice GrFi


Innate Abilities, Weirdness & Mutations

You have an increased reservoir of magic. (+10% MP)
You shall have no god before yourself.
Your divine heritage dramatically boosts your attributes as you level up.


Message History

The death yak gores you!
You hit the death yak. You burn the death yak.
The death yak is moderately wounded.
The death yak gores you!
You barely miss the death yak.
The death yak is moderately wounded.
The death yak barely misses you.
You barely miss the death yak.
The death yak is moderately wounded.
The death yak gores you but does no damage.
You hit the death yak. You burn the death yak.
The death yak is moderately wounded.
The death yak gores you but does no damage.
You feel very mighty all of a sudden. You block the death yak's attack.
You slash the death yak! You burn the death yak.
The death yak is heavily wounded.
The death yak misses you.
You barely miss the death yak.
The death yak is heavily wounded.
The death yak gores you but does no damage.
You slash the death yak! You burn the death yak.
The death yak is lightly wounded.
The death yak gores you but does no damage.
You completely miss the death yak.
The death yak is lightly wounded.
The death yak gores you!!
* * * LOW HITPOINT WARNING * * *
You hit the death yak. You burn the death yak.
The death yak is moderately wounded.
You block the death yak's attack.
You completely miss the death yak.
The death yak is moderately wounded.
The death yak gores you!
* * * LOW HITPOINT WARNING * * *
Unknown command.
Okay, then.
As you read the scroll of teleportation, it crumbles to dust.
You feel strangely unstable. The death yak gores you!
You die...

# ####....######....#.##
##.###.....##.....#...#
#.#...................##
##...........P.......>..#
P........#........#.###.#
......#.######........###
.....#.## ##.Y.....#
...##### ##Y#....# ...P#
#@##...# #.### #.P#...#
### #..##P## # ###...###
# ##.....#### #
##......##.# #.........##
#P........# ###.#.....#


You could see 2 death yaks.

Vanquished Creatures
  A boulder beetle (Lair:1)
  A hydra (Lair:1)
  A catoblepas (Lair:2)
  Fannar (Lair:1)
  A two-headed ogre (D:10)
  Erica (Lair:1)
  A death yak (Lair:2)
  Pikel (D:9)
  A gargoyle (D:11)
  4 cane toads
  A rime drake (Lair:3)
  3 komodo dragons (Lair:1)
  2 trolls (D:11)
  A hornet (D:11)
  2 merfolk (Lair:2)
  5 blink frogs
  2 wyverns
  2 shadows
  19 yaks
  Grum (D:9)
  4 basilisks
  A steam dragon (D:8)
  3 vampire mosquitoes (D:7)
  2 nagas (Lair:3)
  4 water moccasins
  2 acid dragons
  3 ice beasts
  3 orc warriors
  A black bear (D:7)
  16 wolves
  9 centaurs
  3 lemures (D:9)
  A phantom (D:4)
  3 kobold brigands
  6 bullfrogs
  A gnoll sergeant (D:10)
  A necrophage (D:5)
  4 wights (D:10)
  10 killer bees
  2 howler monkeys
  2 electric eels
  2 jellies
  4 hounds
  3 orc priests
  Natasha (twice) (D:2)
  6 hell rats (Lair:3)
  3 iguanas
  7 orc wizards
  12 gnolls
  7 adders
  A white imp (D:6)
  An ufetubus (D:7)
  3 worms
  3 dart slugs
  28 orcs
  4 bats
  4 endoplasms
  3 giant cockroaches
  8 goblins
  4 hobgoblins
  2 jackals (D:4)
  20 kobolds
  3 quokkas
  7 ball pythons
  4 frilled lizards
  7 rats
  A butterfly (D:8)
281 creatures vanquished.

Vanquished Creatures (others)
  A butterfly (D:8)
  9 fungi
  7 plants
17 creatures vanquished.

Grand Total: 298 creatures vanquished

Notes
Turn   | Place    | Note
-------+----------+-------------------------------------------
     0 | D:1      | RatsInWalls the Demigod Gladiator began the quest for the
                  | Orb.
     0 | D:1      | Reached XP level 1. HP: 17/17 MP: 3/3
   334 | D:1      | Reached XP level 2. HP: 18/24 MP: 4/4
   594 | D:1      | Reached skill level 1 in Stealth
   973 | D:2      | Reached skill level 1 in Armour
  1263 | D:2      | Noticed Natasha
  1321 | D:2      | Reached XP level 3. HP: 29/29 MP: 5/5
  1658 | D:2      | Killed Natasha
  2053 | D:2      | Noticed Natasha
  2058 | D:2      | Killed Natasha
  2059 | D:2      | Reached XP level 4. HP: 33/37 MP: 6/6
  3000 | D:4      | Reached XP level 5. HP: 31/44 MP: 7/7
  3277 | D:4      | Found a transporter.
  3281 | D:4      | Noticed an ice beast
  3706 | D:5      | Entered Level 5 of the Dungeon
  3706 | D:5      | Noticed a water moccasin
  3730 | D:4      | Found a transporter.
  3771 | D:4      | Noticed an ice beast
  4322 | D:5      | Found a staircase to the Ecumenical Temple.
  4474 | D:5      | Reached XP level 6. HP: 51/51 MP: 8/8
  4567 | D:5      | Killed a water moccasin
  4903 | D:5      | Found Uveamm's Armour Shop.
  4910 | D:5      | Bought a +0 kite shield for 45 gold pieces
  5081 | D:6      | Reached skill level 1 in Evocations
  5081 | D:6      | Reached XP level 7. HP: 59/59 MP: 9/9
  5358 | D:6      | Reached skill level 5 in Long Blades
  5839 | D:6      | Found Vuhif's Antique Armour Emporium.
  6237 | D:7      | Reached skill level 5 in Fighting
  6237 | D:7      | Reached XP level 8. HP: 10/68 MP: 10/10
  6569 | D:7      | Found a transporter.
  6813 | D:7      | Reached skill level 5 in Armour
  6955 | D:7      | Noticed an ancient zyme
  6976 | D:7      | Noticed CertainDeath's ghost (novice GrEE)
  6977 | D:7      | Found a transporter.
  6981 | D:7      | Found a one-way gate to the infinite horrors of the Abyss.
  8183 | D:8      | Reached XP level 9. HP: 34/75 MP: 11/11
  9603 | D:9      | Noticed Grum
  9861 | D:9      | Noticed Pikel
  9869 | D:9      | Killed Pikel
  9870 | D:9      | Reached skill level 1 in Shields
 10404 | D:9      | Killed Grum
 11061 | D:10     | Entered Level 10 of the Dungeon
 11166 | D:10     | Reached XP level 10. HP: 69/85 MP: 13/13
 11241 | D:10     | Noticed a two-headed ogre
 11264 | D:10     | Killed a two-headed ogre
 11265 | D:10     | Reached skill level 1 in Short Blades
 11366 | D:10     | Got the Almanac of the Glacier and the Blaze
 12984 | D:11     | Found a staircase to the Orcish Mines.
 13308 | D:11     | Found a staircase to the Lair.
 13635 | D:11     | Identified the +1 leather armour "Caesurr" {Stlth+}
 14855 | Lair:1   | Entered Level 1 of the Lair of Beasts
 14926 | Lair:1   | Reached XP level 11. HP: 81/95 MP: 14/14
 15051 | Lair:1   | Noticed Fannar
 15070 | Lair:1   | Killed Fannar
 15071 | Lair:1   | Reached skill level 5 in Shields
 15650 | Lair:1   | Reached skill level 5 in Evocations
 15651 | Lair:1   | Noticed a seven-headed hydra
 16175 | Lair:1   | Noticed Erica
 16183 | Lair:1   | Killed Erica
 16184 | Lair:1   | Reached skill level 5 in Short Blades
 16221 | Lair:1   | Noticed a boulder beetle
 17030 | Lair:1   | Killed a boulder beetle
 17328 | Lair:1   | Killed a one-headed hydra
 17539 | Lair:1   | Reached skill level 5 in Dodging
 18257 | Lair:2   | Noticed a catoblepas
 18296 | Lair:2   | Killed a catoblepas
 18848 | Lair:2   | Found the +3 pair of mountain boots {steadfast, rC+}
 18856 | Lair:2   | Noticed TheSexyCheese's ghost (novice GrFi)
 18860 | Lair:2   | Found a transporter.
 18863 | Lair:2   | Found a transporter.
 19233 | Lair:2   | Found a staircase to the Shoals.
 20037 | Lair:3   | Noticed a death yak
 20042 | Lair:3   | Noticed a death yak
 20063 | Lair:2   | Killed a death yak
 20064 | Lair:2   | Reached XP level 12. HP: 49/102 MP: 15/15
 20642 | Lair:3   | Found a staircase to the Snake Pit.
 21088 | Lair:2   | Slain by a death yak

Illustrated notes

Levels and vault maps discovered:
D:1:      erik_arrival_orb_chamber, layout_rooms, ebering_ecumenical_altar_webs
D:2:      layout_basic, uniq_natasha
D:3:      layout_loops_ring, general_overflow_altar, eino_tiny_chamber
D:4:      gammafunk_cloud_chamber, layout_basic, amcnicky_altar_gilded,
          grunt_temple_overflow_cloverleaf
D:5:      layout_rooms, nicolae_vehumet_radiance,
          minmay_temple_entry_statues_fountains, serial_shops, shop,
          minmay_fractal_squares_5
D:6:      layout_loops_ring, lemuel_crystal_altar, serial_shops, shop
D:7:      layout_basic, gammafunk_ghost_abyssal_escape
D:8:      layout_basic, trog_three_pillars_becter, xom_butterflies,
          nicolae_gozag_seed_capital
D:9:      layout_roguey, kennysheep_slug_shrine, uniq_grum, uniq_pikel
D:10:     layout_roguey, mainiacjoe_overflow_paths,
          lemuel_coloured_pillars_altar
D:11:     wander_river, layout_basic, david_lair_generic, david_orc_2,
          fountainhead
Lair:1:   layout_roguey, uniq_erica, uniq_fannar
Lair:2:   layout_misc_corridors, elwin_shoals_entry_rooms, gammafunk_ghost_arena
Lair:3:   layout_misc_corridors, minmay_snake_entry_guardpost_large,
          gauntlet_entry_generic

Skill      XL: |  1  2  3  4  5  6  7  8  9 10 11 |
---------------+----------------------------------+-----
Fighting       | 2 3 4 5 6 7 8 9 |  9.6
Stealth        | 1 2 |  2.0
Long Blades    | 3 4 5 6 7 9 |  9.2
Armour         | 1 2 3 4 5 6 8 |  8.6
Evocations     | 1 2 4 5 |  5.2
Dodging        | 3 4 5 |  5.0
Shields        | 2 4 6 |  6.8
Short Blades   | 4 5 |  5.0
Throwing       | |  1.7

Action                   |  1- 3 |  4- 6 |  7- 9 | 10-12 || total
-------------------------+-------+-------+-------+-------++-------
Melee: Long sword        |   115 |   190 |   430 |   201 ||   936
       Punch             |       |     2 |     4 |     2 ||     8
       Rapier            |       |       |       |   334 ||   334
       Scimitar          |       |       |       |   383 ||   383
Throw: Throwing net      |       |       |     1 |     4 ||     5
       Javelin           |       |       |       |     1 ||     1
Evoke: Wand              |       |       |     8 |    18 ||    26
       Piece from Xom's  |       |       |     2 |    13 ||    15
       Lightning rod     |       |       |     2 |     9 ||    11
  Use: Scroll            |     1 |    11 |     5 |    16 ||    33
       Potion            |     1 |     6 |     4 |    16 ||    27
 Stab: Sleeping          |     2 |       |       |       ||     2
       Paralysed         |       |       |       |     4 ||     4
       Confused          |       |       |       |     1 ||     1
Armor: Leather armour    |    57 |       |       |       ||    57
       Scale mail        |     7 |    91 |   257 |   377 ||   732
       Skin              |       |    11 |       |       ||    11
Dodge: Dodged            |    75 |    95 |   311 |   390 ||   871
Block: Kite shield       |       |       |       |   395 ||   395
